Description

This build order in really easy to execute and works well on small maps. It his design to give you fast wins and it's hard to counter if you never played against it.

The goal is to do a cannon rush + proxy 2 gates. Cannons will help you to break de wall and your opponent will not be able to have enough unit to hold your zealots.

This build can be done in all league.

Few tips :

  • Send directly a probe in the third of your opponent
  • Stop your probe production at 15/23
  • Add gates before forge
  • Make cannons cannon. It's enough
  • Block de wall with 1 pylone
  • The cannon should reach the gate from your opponent
  • Focus the 2 gates
  • Use your probe to kill the gate too

VOD

https://youtu.be/u8QrqHQPyP0

Replay - DPGPartinG v ShoWTimE: Game 1 - World of Sleepers LE

Build Order

Get SALT Encoding   

  12  0:00  Probe  
  13  0:12  Probe  
  14  0:24  Probe  
  15  0:40  Pylon  
  15  0:58  Gateway x2  
  15  1:00  Forge  
  15  1:16  Pylon  
  15  1:35  Photon Cannon x2  
  15  1:37  Zealot x2  
  15  1:42  Pylon  
  19  1:56  Zealot  
  19  2:05  Zealot  
  23  2:22  Photon Cannon x2  
  20  2:44  Photon Cannon  
  20  2:54  Photon Cannon  
Spawning Tool Build Advisor. Get it on Overwolf

Go to:

Details

  • Created by: zuka      
  • Published on: Dec 13, 2019
  • Modified on: Dec 13, 2019
  • Patch: 4.11.0
Show
View Real Time Build Order
Export as new Build Order

Comments (0)

There are no comments. Be the first!

Create an account to comment!